Montreal Canadiens vs St.Louis Blues
Created - Monday, September 2, 2024 at 09:09
Goals
|
| Montreal Canadiens |
1 |
3 |
1 |
5 |
| St.Louis Blues |
0 |
1 |
1 |
2 |
|
Shots
|
| Montreal Canadiens |
6 |
11 |
12 |
29 |
| St.Louis Blues |
8 |
9 |
13 |
30 |
|
1st period
1. Montreal Canadiens , Vincent Trocheck 6 (Jonathan Marchessault 6, Brady Skjei 5) at 5:21
Penalties :
Damon Severson (MTL) for High sticking (Double Minor) at 14:41
2nd period
2. Montreal Canadiens , Martin Necas 4 (Patrik Laine 2, Dylan Larkin 13) at 4:50
3. St.Louis Blues , Tage Thompson 5 (Elias Lindholm 7, Jake Guentzel 10) at 7:50
4. Montreal Canadiens , Vincent Trocheck 7 (Jonathan Marchessault 7, Claude Giroux 8) at 13:21
5. Montreal Canadiens , Dylan Larkin 7 (Patrik Laine 3) at 15:55
Penalties :
Martin Necas (MTL) for High sticking (Minor) at 1:32, Adam Fox (MTL) for Boarding (Minor) at 17:50
3rd period
6. St.Louis Blues , Jake Guentzel 3 (Tage Thompson 2) at 6:28
7. Montreal Canadiens , Martin Necas 5 (Damon Severson 2, Patrik Laine 4) at 10:34
Penalties :
Damon Severson (MTL) for Holding (Minor) at 4:01, Patrik Laine (MTL) for Roughing (Minor) at 13:34
Goalie Stats
Jacob Markstrom (MTL), 28 saves from 30 shots - (0.933), W, 9-4-0, 60:00 minutes
Connor Hellebuyck (STL), 24 saves from 29 shots - (0.828), L, 7-4-0, 60:00 minutes
Players Stats for Montreal Canadiens
Player Name G A P +/- PIM S H SB GA TA FO MP PP MP PK MP
------------------------------------------------------------------------------------
Adam Fox 0 0 0 2 2 4 0 1 0 2 0/0 23:06 0:00 4:36
Aliaksei Protas 0 0 0 -1 0 0 1 0 0 0 0/0 7:05 0:00 0:00
Brady Skjei 0 1 1 2 0 0 1 0 0 0 0/0 18:47 0:00 5:06
Claude Giroux 0 1 1 2 0 3 1 0 0 0 8/17 21:12 0:00 5:23
Damon Severson 0 1 1 2 6 0 0 1 0 0 0/0 17:20 0:00 0:00
Dylan Larkin 1 1 2 2 0 5 1 1 1 0 12/21 21:05 0:00 5:37
Ilya Lyubushkin 0 0 0 2 0 2 1 0 0 0 0/0 12:02 0:00 1:58
Jaden Schwartz 0 0 0 0 0 1 2 0 0 0 1/1 9:02 0:00 0:00
Jake Evans 0 0 0 0 0 1 1 0 0 0 2/2 14:28 0:00 5:23
Jonathan Marchessault 0 2 2 2 0 0 0 0 1 0 0/1 15:21 0:00 0:12
Juraj Slafkovsky 0 0 0 0 0 1 0 0 1 0 0/0 10:38 0:00 1:34
Luke Glendening 0 0 0 -1 0 0 1 0 0 0 2/4 7:49 0:00 0:00
Martin Necas 2 0 2 2 2 5 2 0 2 0 1/2 15:50 0:00 0:00
Patrik Laine 0 3 3 2 2 1 0 0 0 0 0/0 16:28 0:00 0:57
Ryan Lindgren 0 0 0 -1 0 0 1 0 0 0 0/0 23:16 0:00 6:06
Tyler Myers 0 0 0 -1 0 0 3 2 0 0 0/0 25:01 0:00 5:25
Vincent Trocheck 2 0 2 2 0 5 0 0 1 0 4/7 21:41 0:00 5:23
Vladislav Namestnikov 0 0 0 -1 0 1 0 0 0 1 0/1 7:49 0:00 0:00
Players Stats for St.Louis Blues
Player Name G A P +/- PIM S H SB GA TA FO MP PP MP PK MP
------------------------------------------------------------------------------------
Alex Pietrangelo 0 0 0 0 0 1 1 1 0 1 0/0 27:16 4:50 0:00
Alex Tuch 0 0 0 -1 0 1 1 1 0 0 0/2 14:31 5:02 0:00
Colin Blackwell 0 0 0 -2 0 0 0 0 0 0 0/0 7:46 0:32 0:00
Colton Parayko 0 0 0 0 0 1 0 1 0 1 0/0 21:19 0:00 0:00
Dakota Joshua 0 0 0 -1 0 1 1 0 0 0 0/0 10:56 0:45 0:00
Elias Lindholm 0 1 1 0 0 2 2 1 0 1 5/12 19:10 5:02 0:00
Elias Pettersson 0 0 0 0 0 3 2 1 1 1 1/2 22:44 5:59 0:00
Jaccob Slavin 0 0 0 -3 0 0 1 0 0 0 0/0 14:14 0:00 0:00
Jake Guentzel 1 1 2 0 0 5 1 1 0 0 0/0 19:59 6:00 0:00
Jake Sanderson 0 0 0 -3 0 2 1 1 0 0 0/0 20:59 6:35 0:00
Lars Eller 0 0 0 -1 0 2 1 0 1 0 1/3 10:30 0:20 0:00
Logan O'Connor 0 0 0 -2 0 2 0 1 0 1 0/0 8:56 0:54 0:00
Mark Stone 0 0 0 0 0 2 0 1 1 0 0/0 21:53 5:02 0:00
Mikhail Sergachev 0 0 0 0 0 1 1 1 0 1 0/0 11:45 0:30 0:00
Nick Leddy 0 0 0 0 0 1 0 0 0 0 0/0 11:45 0:30 0:00
Robert Thomas 0 0 0 0 0 2 0 0 0 0 17/33 22:53 5:51 0:00
Tage Thompson 1 1 2 0 0 2 2 0 0 0 2/2 19:28 5:02 0:00
Yanni Gourde 0 0 0 -2 0 2 0 0 0 0 0/2 13:56 6:41 0:00
3 Stars
1 - Vincent Trocheck (MTL)
2 - Martin Necas (MTL)
3 - Dylan Larkin (MTL)
Power Play
Montreal Canadiens - 0 on 0 Attempt(s) - 0.00%
St.Louis Blues - 0 on 6 Attempt(s) - 0.00%
Penalty Kill
Montreal Canadiens - 6 on 6 Attempt(s) - 100.00%
- Score 0 goal in Penalty Kill
St.Louis Blues - 0 on 0 Attempt(s) - 0.00%
- Score 0 goal in Penalty Kill
Team Stat
Montreal Canadiens - Hits : 15 - Faceoff Wins : 30 - Blocked Shots : 5 - Penalty Minutes : 12
St.Louis Blues - Hits : 14 - Faceoff Wins : 26 - Blocked Shots : 10 - Penalty Minutes : 0
Official
Referees : Justin St. Pierre and Kendrick Nicholson
Linesman : Dan Kelly and Kiel Murchison
Game Notes
Aliaksei Protas is injured at 9:43 of 3rd period (Strained Left Elbow)
Finance
Level 1 -- Attendance: 5201 (86.68%) -- Ticket Income $504,497
Level 2 -- Attendance: 5000 (100.00%) -- Ticket Income $285,000
Level 3 -- Attendance: 2580 (86.00%) -- Ticket Income $87,720
Level 4 -- Attendance: 4901 (98.02%) -- Ticket Income $112,723
Luxury Box -- Attendance: 1000 (100.00%) -- Ticket Income $194,000
Game was played at the Scottrade Center.
Total Attendance: 18682 (93.41%)
Total Ticket Income: $1,183,940
Other Income: $414,379
Total Income: $1,598,319
Montreal Canadiens
5 vs 5 Forward
Center Left Wing Right Wing Time % Phy DF OF
1 Dylan Larkin Patrik Laine Martin Necas 35 1 2 2
2 Claude Giroux Jonathan Marchessault Vincent Trocheck 35 1 2 2
3 Jake Evans Jaden Schwartz Juraj Slafkovsky 20 1 2 2
4 Luke Glendening Vladislav Namestnikov Aliaksei Protas 10 1 2 2
5 vs 5 Defense
Defense Defense Time % Phy DF OF
1 Tyler Myers Ryan Lindgren 35 1 2 2
2 Adam Fox Damon Severson 35 1 2 2
3 Brady Skjei Ilya Lyubushkin 20 1 2 2
4 Tyler Myers Brady Skjei 10 1 2 2
PowerPlay Forward
Center Left Wing Right Wing Time % Phy DF OF
1 Dylan Larkin Jonathan Marchessault Vincent Trocheck 50 0 1 4
2 Claude Giroux Patrik Laine Juraj Slafkovsky 50 0 1 4
PowerPlay Defense
Defense Defense Time % Phy DF OF
1 Adam Fox Brady Skjei 50 0 1 4
2 Tyler Myers Damon Severson 50 0 1 4
Penalty Kill 4 Players Forward
Center Wing Time % Phy DF OF
1 Vincent Trocheck Claude Giroux 50 1 3 1
2 Dylan Larkin Jake Evans 50 1 3 1
Penalty Kill 4 Players Defense
Defense Defense Time % Phy DF OF
1 Adam Fox Ryan Lindgren 50 1 3 1
2 Tyler Myers Brady Skjei 50 1 3 1
Penalty Kill - 3 Players Forward
Forward Time % Phy DF OF
1 Vincent Trocheck 50 1 4 0
2 Dylan Larkin 50 1 4 0
Penalty Kill - 3 Players Defense
Defense Defense Time % Phy DF OF
1 Adam Fox Ryan Lindgren 50 1 4 0
2 Tyler Myers Brady Skjei 50 1 4 0
4 vs 4 Forward
Center Wing Time % Phy DF OF
1 Vincent Trocheck Jonathan Marchessault 50 1 2 2
2 Dylan Larkin Patrik Laine 50 1 2 2
4 vs 4 Defense
Defense Defense Time % Phy DF OF
1 Adam Fox Brady Skjei 50 1 2 2
2 Tyler Myers Damon Severson 50 1 2 2
Last Minutes Offensive
Center Left Wing Right Wing Defense Defense
Dylan Larkin Jonathan Marchessault Vincent Trocheck Adam Fox Brady Skjei
Last Minutes Defensive
Center Left Wing Right Wing Defense Defense
Dylan Larkin Aliaksei Protas Vincent Trocheck Adam Fox Ryan Lindgren
Goaltenders
Starting : Jacob Markstrom
Backup : David Rittich
Extra Forwards
Normal : Vincent Trocheck, Dylan Larkin, Claude Giroux - PP : Martin Necas, Juraj Slafkovsky - PK : Jake Evans
Extra Defensemen
Normal : Adam Fox, Brady Skjei, Damon Severson - PP : Adam Fox - PK : Adam Fox, Brady Skjei
Penalty Shots
Patrik Laine, Vincent Trocheck, Claude Giroux, Jonathan Marchessault, Damon Severson
Scratches
Evgeni Dadonov (Healthy), Alexandre Carrier (Healthy)
St.Louis Blues
5 vs 5 Forward
Center Left Wing Right Wing Time % Phy DF OF
1 Robert Thomas Elias Pettersson Mark Stone 40 0 2 3
2 Elias Lindholm Jake Guentzel Tage Thompson 30 0 2 3
3 Lars Eller Dakota Joshua Alex Tuch 20 1 2 2
4 Yanni Gourde Logan O'Connor Colin Blackwell 10 1 3 1
5 vs 5 Defense
Defense Defense Time % Phy DF OF
1 Colton Parayko Alex Pietrangelo 45 1 2 2
2 Jake Sanderson Jaccob Slavin 35 1 2 2
3 Nick Leddy Mikhail Sergachev 20 1 2 2
4 Alex Pietrangelo Colton Parayko 0 1 2 2
PowerPlay Forward
Center Left Wing Right Wing Time % Phy DF OF
1 Robert Thomas Elias Pettersson Jake Guentzel 60 1 0 4
2 Elias Lindholm Tage Thompson Mark Stone 40 1 0 4
PowerPlay Defense
Defense Defense Time % Phy DF OF
1 Yanni Gourde Jake Sanderson 60 0 1 4
2 Alex Tuch Alex Pietrangelo 40 0 1 4
Penalty Kill 4 Players Forward
Center Wing Time % Phy DF OF
1 Lars Eller Logan O'Connor 50 1 4 0
2 Elias Lindholm Yanni Gourde 50 1 4 0
Penalty Kill 4 Players Defense
Defense Defense Time % Phy DF OF
1 Jake Sanderson Colton Parayko 50 1 4 0
2 Jaccob Slavin Nick Leddy 50 1 4 0
Penalty Kill - 3 Players Forward
Forward Time % Phy DF OF
1 Elias Lindholm 50 0 5 0
2 Lars Eller 50 0 5 0
Penalty Kill - 3 Players Defense
Defense Defense Time % Phy DF OF
1 Jake Sanderson Colton Parayko 50 0 5 0
2 Nick Leddy Jaccob Slavin 50 0 5 0
4 vs 4 Forward
Center Wing Time % Phy DF OF
1 Elias Lindholm Elias Pettersson 50 0 2 3
2 Robert Thomas Jake Guentzel 50 0 2 3
4 vs 4 Defense
Defense Defense Time % Phy DF OF
1 Alex Pietrangelo Colton Parayko 50 1 2 2
2 Jaccob Slavin Jake Sanderson 50 1 2 2
Last Minutes Offensive
Center Left Wing Right Wing Defense Defense
Robert Thomas Elias Pettersson Jake Guentzel Tage Thompson Jake Sanderson
Last Minutes Defensive
Center Left Wing Right Wing Defense Defense
Lars Eller Logan O'Connor Elias Lindholm Alex Pietrangelo Colton Parayko
Goaltenders
Starting : Connor Hellebuyck
Backup : Scott Wedgewood
Extra Forwards
Normal : Robert Thomas, Jake Guentzel, Tage Thompson - PP : Mark Stone, Dakota Joshua - PK : Robert Thomas
Extra Defensemen
Normal : Jake Sanderson, Jaccob Slavin, Mikhail Sergachev - PP : Mikhail Sergachev - PK : Jaccob Slavin, Alex Pietrangelo
Penalty Shots
Elias Pettersson, Tage Thompson, Alex Tuch, Yanni Gourde, Jake Guentzel
Scratches
Jack Eichel (Healthy), Nico Sturm (Healthy), Adam Pelech (Healthy)
% Time on Ice - Montreal Canadiens
Lines # - Real PCT - Wanted PCT - Time Play
Normal Forward
1 - 33% - 35% - 15:57
2 - 32% - 35% - 15:17
3 - 19% - 20% - 9:02
4 - 16% - 10% - 7:49
Normal Defense
1 - 36% - 35% - 17:20
2 - 37% - 35% - 17:47
3 - 20% - 20% - 9:48
4 - 7% - 10% - 3:10
PP Forward
1 - 0% - 50%
2 - 0% - 50%
PP Defense
1 - 0% - 50%
2 - 0% - 50%
PK Forward
1 - 49% - 50% - 5:53
2 - 51% - 50% - 6:02
PK Defense
1 - 53% - 50% - 6:22
2 - 47% - 50% - 5:33
PK3 Forward
1 - 0% - 50%
2 - 0% - 50%
PK3 Defense
1 - 0% - 50%
2 - 0% - 50%
44 Forward
1 - 0% - 50%
2 - 0% - 50%
44 Defense
1 - 0% - 50%
2 - 0% - 50%
Last Minute Offensive - 0:00
Last Minute Defensive - 0:00
Total
Forward - 60:00
Defense - 60:00
|
% Time on Ice - St.Louis Blues
Lines # - Real PCT - Wanted PCT - Time Play
Normal Forward
1 - 35% - 40% - 16:45
2 - 29% - 30% - 14:08
3 - 21% - 20% - 9:58
4 - 15% - 10% - 7:14
Normal Defense
1 - 45% - 45% - 21:33
2 - 32% - 35% - 15:21
3 - 23% - 20% - 11:11
4 - 0% - 0% - 0:00
PP Forward
1 - 54% - 60% - 6:29
2 - 46% - 40% - 5:26
PP Defense
1 - 59% - 60% - 7:05
2 - 41% - 40% - 4:50
PK Forward
1 - 0% - 50%
2 - 0% - 50%
PK Defense
1 - 0% - 50%
2 - 0% - 50%
PK3 Forward
1 - 0% - 50%
2 - 0% - 50%
PK3 Defense
1 - 0% - 50%
2 - 0% - 50%
44 Forward
1 - 0% - 50%
2 - 0% - 50%
44 Defense
1 - 0% - 50%
2 - 0% - 50%
Last Minute Offensive - 0:00
Last Minute Defensive - 0:00
Total
Forward - 60:00
Defense - 60:00
|
Play-by-Play
1st period
0:01 of 1st period - Robert Thomas wins face-off versus Dylan Larkin in neutral zone.
1:08 of 1st period - Slapshot by Dakota Joshua.
1:08 of 1st period - Shot Misses the Net.
1:30 of 1st period - Wrist shot by Yanni Gourde.
1:30 of 1st period - Stopped by Jacob Markstrom without a rebound.
1:31 of 1st period - Claude Giroux wins face-off versus Robert Thomas in Montreal Canadiens zone.
2:00 of 1st period - Icing by Brady Skjei.
2:01 of 1st period - Tage Thompson wins face-off versus Dylan Larkin in Montreal Canadiens zone.
2:04 of 1st period - Wrist shot by Elias Lindholm.
2:04 of 1st period - Stopped by Jacob Markstrom without a rebound.
2:05 of 1st period - Dylan Larkin wins face-off versus Elias Lindholm in Montreal Canadiens zone.
2:12 of 1st period - Tage Thompson is hit by Martin Necas.
2:16 of 1st period - Elias Lindholm is hit by Tyler Myers and loses puck.
3:41 of 1st period - Wrist shot by Martin Necas.
3:41 of 1st period - Shot Misses the Net.
3:43 of 1st period - Slapshot by Dylan Larkin.
3:43 of 1st period - Shot Blocked by Mikhail Sergachev.
3:57 of 1st period - Snap shot by Elias Lindholm.
3:57 of 1st period - Shot Misses the Net.
4:10 of 1st period - Icing by Mikhail Sergachev.
4:11 of 1st period - Jake Evans wins face-off versus Robert Thomas in St.Louis Blues zone.
4:46 of 1st period - Snap shot by Jake Guentzel.
4:46 of 1st period - Shot Misses the Net.
5:21 of 1st period - Snap shot by Vincent Trocheck.
5:21 of 1st period - Goal by Vincent Trocheck - Montreal Canadiens : 1 - St.Louis Blues : 0.
5:22 of 1st period - Robert Thomas wins face-off versus Claude Giroux in neutral zone.
5:39 of 1st period - Snap shot by Elias Pettersson.
5:39 of 1st period - Stopped by Jacob Markstrom with a rebound.
6:19 of 1st period - Wrist shot by Jaden Schwartz.
6:19 of 1st period - Shot Misses the Net.
6:21 of 1st period - Slapshot by Adam Fox.
6:21 of 1st period - Stopped by Connor Hellebuyck with a rebound.
6:37 of 1st period - Snap shot by Yanni Gourde.
6:37 of 1st period - Shot Misses the Net.
6:39 of 1st period - Slapshot by Alex Pietrangelo.
6:39 of 1st period - Stopped by Jacob Markstrom with a rebound.
6:41 of 1st period - Wrist shot by Logan O'Connor.
6:41 of 1st period - Stopped by Jacob Markstrom with a rebound.
7:03 of 1st period - Wrist shot by Claude Giroux.
7:03 of 1st period - Stopped by Connor Hellebuyck without a rebound.
7:04 of 1st period - Elias Lindholm wins face-off versus Dylan Larkin in St.Louis Blues zone.
7:04 of 1st period - Elias Lindholm is hit by Dylan Larkin.
7:30 of 1st period - Tyler Myers is hit by Jaccob Slavin and loses puck.
8:03 of 1st period - Wrist shot by Logan O'Connor.
8:03 of 1st period - Shot Misses the Net.
8:05 of 1st period - Slapshot by Logan O'Connor.
8:05 of 1st period - Shot Misses the Net.
8:21 of 1st period - Snap shot by Dakota Joshua.
8:21 of 1st period - Shot Blocked by Tyler Myers.
8:23 of 1st period - Wrist shot by Alex Tuch.
8:23 of 1st period - Shot Misses the Net.
8:25 of 1st period - Slapshot by Jake Sanderson.
8:25 of 1st period - Stopped by Jacob Markstrom with a rebound.
8:55 of 1st period - Jake Evans is hit by Jake Sanderson and loses puck.
9:10 of 1st period - Elias Pettersson is hit by Jake Evans and loses puck.
9:25 of 1st period - Slapshot by Juraj Slafkovsky.
9:25 of 1st period - Stopped by Connor Hellebuyck without a rebound.
9:26 of 1st period - Dylan Larkin wins face-off versus Alex Tuch in St.Louis Blues zone.
9:29 of 1st period - Slapshot by Martin Necas.
9:29 of 1st period - Shot Misses the Net.
9:53 of 1st period - Elias Lindholm is hit by Aliaksei Protas.
10:13 of 1st period - Mark Stone is hit by Jaden Schwartz and loses puck.
10:34 of 1st period - Wrist shot by Lars Eller.
10:34 of 1st period - Stopped by Jacob Markstrom without a rebound.
10:35 of 1st period - Claude Giroux wins face-off versus Alex Tuch in Montreal Canadiens zone.
10:35 of 1st period - Claude Giroux is hit by Alex Tuch.
10:49 of 1st period - Wrist shot by Claude Giroux.
10:49 of 1st period - Stopped by Connor Hellebuyck without a rebound.
10:50 of 1st period - Robert Thomas wins face-off versus Dylan Larkin in St.Louis Blues zone.
11:14 of 1st period - Icing by Mark Stone.
11:15 of 1st period - Elias Lindholm wins face-off versus Jonathan Marchessault in St.Louis Blues zone.
12:09 of 1st period - Wrist shot by Juraj Slafkovsky.
12:09 of 1st period - Shot Misses the Net.
12:11 of 1st period - Wrist shot by Jaden Schwartz.
12:11 of 1st period - Stopped by Connor Hellebuyck with a rebound.
13:11 of 1st period - Mark Stone is hit by Brady Skjei and loses puck.
14:16 of 1st period - Snap shot by Dylan Larkin.
14:16 of 1st period - Shot Blocked by Logan O'Connor.
14:41 of 1st period - Double Minor Penalty to Damon Severson for High sticking.
14:42 of 1st period - Robert Thomas wins face-off versus Vincent Trocheck in Montreal Canadiens zone.
16:50 of 1st period - Slapshot by Logan O'Connor.
16:50 of 1st period - Stopped by Jacob Markstrom with a rebound.
18:41 of 1st period - Penalty to Damon Severson is over, Damon Severson is back on ice.
Goals for this period are 1 for Montreal Canadiens vs 0 for St.Louis Blues.
Shots for this period are 6 for Montreal Canadiens vs 8 for St.Louis Blues.
2nd period
0:01 of 2nd period - Dylan Larkin wins face-off versus Robert Thomas in neutral zone.
0:26 of 2nd period - Ryan Lindgren is hit by Jake Guentzel and loses puck.
0:59 of 2nd period - Colton Parayko is hit by Ilya Lyubushkin and loses puck.
1:16 of 2nd period - Jake Sanderson is hit by Martin Necas and loses puck.
1:32 of 2nd period - Minor Penalty to Martin Necas for High sticking.
1:33 of 2nd period - Robert Thomas wins face-off versus Dylan Larkin in Montreal Canadiens zone.
1:48 of 2nd period - Wrist shot by Elias Pettersson.
1:48 of 2nd period - Stopped by Jacob Markstrom with a rebound.
2:14 of 2nd period - Snap shot by Mark Stone.
2:14 of 2nd period - Shot Misses the Net.
3:32 of 2nd period - Penalty to Martin Necas is over, Martin Necas is back on ice.
3:49 of 2nd period - Slapshot by Martin Necas.
3:49 of 2nd period - Shot Misses the Net.
3:51 of 2nd period - Slapshot by Damon Severson.
3:51 of 2nd period - Shot Misses the Net.
3:53 of 2nd period - Wrist shot by Vincent Trocheck.
3:53 of 2nd period - Shot Misses the Net.
3:55 of 2nd period - Snap shot by Ilya Lyubushkin.
3:55 of 2nd period - Deflect By Alex Pietrangelo.
3:55 of 2nd period - Stopped by Connor Hellebuyck with a rebound.
3:57 of 2nd period - Slapshot by Damon Severson.
3:57 of 2nd period - Shot Blocked by Alex Tuch.
3:59 of 2nd period - Slapshot by Ilya Lyubushkin.
3:59 of 2nd period - Shot Misses the Net.
4:01 of 2nd period - Slapshot by Ryan Lindgren.
4:01 of 2nd period - Shot Misses the Net.
4:03 of 2nd period - Slapshot by Vincent Trocheck.
4:03 of 2nd period - Shot Misses the Net.
4:05 of 2nd period - Wrist shot by Vincent Trocheck.
4:05 of 2nd period - Stopped by Connor Hellebuyck without a rebound.
4:06 of 2nd period - Jake Evans wins face-off versus Robert Thomas in St.Louis Blues zone.
4:34 of 2nd period - Wrist shot by Elias Lindholm.
4:34 of 2nd period - Shot Blocked by Tyler Myers.
4:36 of 2nd period - Snap shot by Nick Leddy.
4:36 of 2nd period - Stopped by Jacob Markstrom with a rebound.
4:50 of 2nd period - Snap shot by Martin Necas.
4:50 of 2nd period - Goal by Martin Necas - Montreal Canadiens : 2 - St.Louis Blues : 0.
4:51 of 2nd period - Dylan Larkin wins face-off versus Robert Thomas in neutral zone.
5:16 of 2nd period - Adam Fox is hit by Tage Thompson and loses puck.
5:58 of 2nd period - Aliaksei Protas is hit by Elias Pettersson and loses puck.
6:25 of 2nd period - Snap shot by Yanni Gourde.
6:25 of 2nd period - Stopped by Jacob Markstrom with a rebound.
6:29 of 2nd period - Wrist shot by Logan O'Connor.
6:29 of 2nd period - Shot Blocked by Dylan Larkin.
7:50 of 2nd period - Snap shot by Elias Lindholm.
7:50 of 2nd period - Deflect By Tage Thompson.
7:50 of 2nd period - Goal by Tage Thompson - Montreal Canadiens : 2 - St.Louis Blues : 1.
7:51 of 2nd period - Vincent Trocheck wins face-off versus Robert Thomas in neutral zone.
8:27 of 2nd period - Snap shot by Alex Tuch.
8:27 of 2nd period - Shot Hit the Post.
8:29 of 2nd period - Snap shot by Dakota Joshua.
8:29 of 2nd period - Stopped by Jacob Markstrom with a rebound.
8:31 of 2nd period - Wrist shot by Alex Tuch.
8:31 of 2nd period - Stopped by Jacob Markstrom without a rebound.
8:32 of 2nd period - Elias Lindholm wins face-off versus Martin Necas in Montreal Canadiens zone.
8:45 of 2nd period - Wrist shot by Jake Guentzel.
8:45 of 2nd period - Shot Misses the Net.
9:10 of 2nd period - Snap shot by Mark Stone.
9:10 of 2nd period - Shot Misses the Net.
9:31 of 2nd period - Wrist shot by Yanni Gourde.
9:31 of 2nd period - Shot Misses the Net.
9:33 of 2nd period - Slapshot by Mikhail Sergachev.
9:33 of 2nd period - Deflect By Vladislav Namestnikov.
9:33 of 2nd period - Stopped by Jacob Markstrom without a rebound.
9:34 of 2nd period - Claude Giroux wins face-off versus Robert Thomas in Montreal Canadiens zone.
10:01 of 2nd period - Mikhail Sergachev is hit by Tyler Myers and loses puck.
10:41 of 2nd period - Wrist shot by Jake Evans.
10:41 of 2nd period - Stopped by Connor Hellebuyck without a rebound.
10:42 of 2nd period - Luke Glendening wins face-off versus Yanni Gourde in St.Louis Blues zone.
11:08 of 2nd period - Robert Thomas is hit by Ryan Lindgren.
11:28 of 2nd period - Wrist shot by Martin Necas.
11:28 of 2nd period - Shot Blocked by Jake Sanderson.
11:34 of 2nd period - Tyler Myers is hit by Tage Thompson and loses puck.
12:18 of 2nd period - Wrist shot by Vladislav Namestnikov.
12:18 of 2nd period - Shot Blocked by Elias Pettersson.
12:20 of 2nd period - Snap shot by Aliaksei Protas.
12:20 of 2nd period - Shot Misses the Net.
12:22 of 2nd period - Slapshot by Ryan Lindgren.
12:22 of 2nd period - Shot Misses the Net.
13:13 of 2nd period - Wrist shot by Jonathan Marchessault.
13:13 of 2nd period - Shot Misses the Net.
13:15 of 2nd period - Snap shot by Jonathan Marchessault.
13:15 of 2nd period - Shot Misses the Net.
13:17 of 2nd period - Slapshot by Vincent Trocheck.
13:17 of 2nd period - Shot Misses the Net.
13:19 of 2nd period - Wrist shot by Jonathan Marchessault.
13:19 of 2nd period - Shot Misses the Net.
13:21 of 2nd period - Snap shot by Vincent Trocheck.
13:21 of 2nd period - Goal by Vincent Trocheck - Montreal Canadiens : 3 - St.Louis Blues : 1.
13:22 of 2nd period - Dylan Larkin wins face-off versus Robert Thomas in neutral zone.
13:27 of 2nd period - Slapshot by Dylan Larkin.
13:27 of 2nd period - Stopped by Connor Hellebuyck with a rebound.
13:29 of 2nd period - Wrist shot by Dylan Larkin.
13:29 of 2nd period - Shot Misses the Net.
13:31 of 2nd period - Snap shot by Dylan Larkin.
13:31 of 2nd period - Stopped by Connor Hellebuyck with a rebound.
13:33 of 2nd period - Slapshot by Ilya Lyubushkin.
13:33 of 2nd period - Stopped by Connor Hellebuyck without a rebound.
13:34 of 2nd period - Robert Thomas wins face-off versus Dylan Larkin in St.Louis Blues zone.
13:43 of 2nd period - Wrist shot by Martin Necas.
13:43 of 2nd period - Shot Misses the Net.
13:45 of 2nd period - Slapshot by Adam Fox.
13:45 of 2nd period - Stopped by Connor Hellebuyck without a rebound.
13:46 of 2nd period - Robert Thomas wins face-off versus Dylan Larkin in St.Louis Blues zone.
14:26 of 2nd period - Slapshot by Lars Eller.
14:26 of 2nd period - Shot Misses the Net.
14:36 of 2nd period - Wrist shot by Dylan Larkin.
14:36 of 2nd period - Stopped by Connor Hellebuyck without a rebound.
14:37 of 2nd period - Elias Lindholm wins face-off versus Claude Giroux in St.Louis Blues zone.
14:44 of 2nd period - Wrist shot by Jake Guentzel.
14:44 of 2nd period - Deflect By Elias Lindholm.
14:44 of 2nd period - Shot Blocked by Damon Severson.
14:44 of 2nd period - Puck is out of play.
14:45 of 2nd period - Robert Thomas wins face-off versus Claude Giroux in Montreal Canadiens zone.
14:48 of 2nd period - Wrist shot by Robert Thomas.
14:48 of 2nd period - Shot Misses the Net.
15:55 of 2nd period - Slapshot by Dylan Larkin.
15:55 of 2nd period - Goal by Dylan Larkin - Montreal Canadiens : 4 - St.Louis Blues : 1.
15:56 of 2nd period - Dylan Larkin wins face-off versus Robert Thomas in neutral zone.
16:26 of 2nd period - Off-side.
16:27 of 2nd period - Elias Lindholm wins face-off versus Claude Giroux in neutral zone.
16:48 of 2nd period - Alex Pietrangelo is hit by Claude Giroux and loses puck.
17:09 of 2nd period - Wrist shot by Jake Guentzel.
17:09 of 2nd period - Stopped by Jacob Markstrom without a rebound.
17:10 of 2nd period - Robert Thomas wins face-off versus Dylan Larkin in Montreal Canadiens zone.
17:45 of 2nd period - Slapshot by Lars Eller.
17:45 of 2nd period - Stopped by Jacob Markstrom without a rebound.
17:46 of 2nd period - Robert Thomas wins face-off versus Dylan Larkin in Montreal Canadiens zone.
17:50 of 2nd period - Minor Penalty to Adam Fox for Boarding.
17:51 of 2nd period - Robert Thomas wins face-off versus Vincent Trocheck in Montreal Canadiens zone.
18:21 of 2nd period - Tyler Myers is hit by Elias Lindholm and loses puck.
19:12 of 2nd period - Ryan Lindgren is hit by Alex Pietrangelo and loses puck.
19:50 of 2nd period - Penalty to Adam Fox is over, Adam Fox is back on ice.
Goals for this period are 3 for Montreal Canadiens vs 1 for St.Louis Blues.
Shots for this period are 11 for Montreal Canadiens vs 9 for St.Louis Blues.
3rd period
0:01 of 3rd period - Dylan Larkin wins face-off versus Elias Pettersson in neutral zone.
0:10 of 3rd period - Snap shot by Patrik Laine.
0:10 of 3rd period - Shot Blocked by Colton Parayko.
0:12 of 3rd period - Snap shot by Adam Fox.
0:12 of 3rd period - Stopped by Connor Hellebuyck without a rebound.
0:13 of 3rd period - Robert Thomas wins face-off versus Claude Giroux in St.Louis Blues zone.
0:44 of 3rd period - Snap shot by Martin Necas.
0:44 of 3rd period - Stopped by Connor Hellebuyck with a rebound.
1:05 of 3rd period - Jake Evans is hit by Lars Eller and loses puck.
2:12 of 3rd period - Icing by Jake Sanderson.
2:13 of 3rd period - Dylan Larkin wins face-off versus Elias Lindholm in St.Louis Blues zone.
2:24 of 3rd period - Wrist shot by Tage Thompson.
2:24 of 3rd period - Shot Misses the Net.
2:28 of 3rd period - Snap shot by Jake Guentzel.
2:28 of 3rd period - Stopped by Jacob Markstrom with a rebound.
2:30 of 3rd period - Snap shot by Jake Sanderson.
2:30 of 3rd period - Deflect By Tage Thompson.
2:30 of 3rd period - Stopped by Jacob Markstrom with a rebound.
2:32 of 3rd period - Slapshot by Jake Sanderson.
2:32 of 3rd period - Shot Misses the Net.
2:34 of 3rd period - Slapshot by Jake Guentzel.
2:34 of 3rd period - Stopped by Jacob Markstrom without a rebound.
2:35 of 3rd period - Robert Thomas wins face-off versus Vincent Trocheck in Montreal Canadiens zone.
4:01 of 3rd period - Minor Penalty to Damon Severson for Holding.
4:02 of 3rd period - Vincent Trocheck wins face-off versus Robert Thomas in Montreal Canadiens zone.
6:01 of 3rd period - Penalty to Damon Severson is over, Damon Severson is back on ice.
6:07 of 3rd period - Snap shot by Vladislav Namestnikov.
6:07 of 3rd period - Stopped by Connor Hellebuyck without a rebound.
6:08 of 3rd period - Lars Eller wins face-off versus Luke Glendening in St.Louis Blues zone.
6:08 of 3rd period - Lars Eller is hit by Luke Glendening.
6:18 of 3rd period - Icing by Luke Glendening.
6:19 of 3rd period - Tage Thompson wins face-off versus Vladislav Namestnikov in Montreal Canadiens zone.
6:28 of 3rd period - Wrist shot by Jake Guentzel.
6:28 of 3rd period - Goal by Jake Guentzel - Montreal Canadiens : 4 - St.Louis Blues : 2.
6:29 of 3rd period - Robert Thomas wins face-off versus Claude Giroux in neutral zone.
6:32 of 3rd period - Wrist shot by Mark Stone.
6:32 of 3rd period - Stopped by Jacob Markstrom without a rebound.
6:33 of 3rd period - Elias Pettersson wins face-off versus Claude Giroux in Montreal Canadiens zone.
6:46 of 3rd period - Snap shot by Elias Pettersson.
6:46 of 3rd period - Shot Misses the Net.
6:48 of 3rd period - Wrist shot by Colton Parayko.
6:48 of 3rd period - Stopped by Jacob Markstrom without a rebound.
6:49 of 3rd period - Dylan Larkin wins face-off versus Elias Lindholm in Montreal Canadiens zone.
6:54 of 3rd period - Slapshot by Ryan Lindgren.
6:54 of 3rd period - Shot Blocked by Elias Lindholm.
8:45 of 3rd period - Wrist shot by Robert Thomas.
8:45 of 3rd period - Stopped by Jacob Markstrom with a rebound.
8:47 of 3rd period - Snap shot by Mikhail Sergachev.
8:47 of 3rd period - Deflect By Robert Thomas.
8:47 of 3rd period - Stopped by Jacob Markstrom with a rebound.
9:22 of 3rd period - Off-side.
9:23 of 3rd period - Robert Thomas wins face-off versus Luke Glendening in neutral zone.
9:26 of 3rd period - Wrist shot by Jake Sanderson.
9:26 of 3rd period - Stopped by Jacob Markstrom without a rebound.
9:27 of 3rd period - Luke Glendening wins face-off versus Robert Thomas in Montreal Canadiens zone.
9:36 of 3rd period - Wrist shot by Aliaksei Protas.
9:36 of 3rd period - Shot Blocked by Mark Stone.
9:42 of 3rd period - Aliaksei Protas is hit by Elias Pettersson and loses puck.
9:43 of 3rd period - Aliaksei Protas from Montreal Canadiens is injured at 9:43 of 3rd period (Strained Left Elbow).
9:44 of 3rd period - Claude Giroux wins face-off versus Robert Thomas in Montreal Canadiens zone.
9:59 of 3rd period - Snap shot by Vincent Trocheck.
9:59 of 3rd period - Shot Blocked by Alex Pietrangelo.
10:18 of 3rd period - Off-side.
10:19 of 3rd period - Martin Necas wins face-off versus Elias Lindholm in neutral zone.
10:24 of 3rd period - Snap shot by Dylan Larkin.
10:24 of 3rd period - Stopped by Connor Hellebuyck with a rebound.
10:26 of 3rd period - Snap shot by Dylan Larkin.
10:26 of 3rd period - Shot Misses the Net.
10:28 of 3rd period - Snap shot by Damon Severson.
10:28 of 3rd period - Shot Blocked by Jake Guentzel.
10:30 of 3rd period - Backhand shot by Adam Fox.
10:30 of 3rd period - Stopped by Connor Hellebuyck with a rebound.
10:32 of 3rd period - Wrist shot by Patrik Laine.
10:32 of 3rd period - Stopped by Connor Hellebuyck with a rebound.
10:34 of 3rd period - Slapshot by Damon Severson.
10:34 of 3rd period - Deflect By Martin Necas.
10:34 of 3rd period - Goal by Martin Necas - Montreal Canadiens : 5 - St.Louis Blues : 2.
10:35 of 3rd period - Claude Giroux wins face-off versus Robert Thomas in neutral zone.
11:08 of 3rd period - Wrist shot by Elias Lindholm.
11:08 of 3rd period - Shot Misses the Net.
11:21 of 3rd period - Off-side.
11:22 of 3rd period - Jaden Schwartz wins face-off versus Lars Eller in neutral zone.
12:02 of 3rd period - Jake Guentzel is hit by Jaden Schwartz and loses puck.
13:19 of 3rd period - Snap shot by Elias Lindholm.
13:19 of 3rd period - Stopped by Jacob Markstrom without a rebound.
13:20 of 3rd period - Dylan Larkin wins face-off versus Elias Lindholm in Montreal Canadiens zone.
13:34 of 3rd period - Minor Penalty to Patrik Laine for Roughing.
13:35 of 3rd period - Vincent Trocheck wins face-off versus Robert Thomas in Montreal Canadiens zone.
14:10 of 3rd period - Wrist shot by Elias Lindholm.
14:10 of 3rd period - Shot Misses the Net.
14:12 of 3rd period - Slapshot by Jake Sanderson.
14:12 of 3rd period - Deflect By Mark Stone.
14:12 of 3rd period - Stopped by Jacob Markstrom with a rebound.
15:21 of 3rd period - Icing by Robert Thomas.
15:22 of 3rd period - Vincent Trocheck wins face-off versus Robert Thomas in St.Louis Blues zone.
15:34 of 3rd period - Penalty to Patrik Laine is over, Patrik Laine is back on ice.
15:48 of 3rd period - Icing by Luke Glendening.
15:49 of 3rd period - Dylan Larkin wins face-off versus Lars Eller in Montreal Canadiens zone.
16:02 of 3rd period - Off-side.
16:03 of 3rd period - Robert Thomas wins face-off versus Claude Giroux in neutral zone.
16:13 of 3rd period - Snap shot by Elias Pettersson.
16:13 of 3rd period - Stopped by Jacob Markstrom without a rebound.
16:14 of 3rd period - Robert Thomas wins face-off versus Claude Giroux in Montreal Canadiens zone.
16:31 of 3rd period - Wrist shot by Jonathan Marchessault.
16:31 of 3rd period - Shot Misses the Net.
16:41 of 3rd period - Adam Fox is hit by Elias Lindholm and loses puck.
16:48 of 3rd period - Tage Thompson is hit by Tyler Myers and loses puck.
17:15 of 3rd period - Jake Evans is hit by Dakota Joshua and loses puck.
17:40 of 3rd period - Wrist shot by Mark Stone.
17:40 of 3rd period - Shot Misses the Net.
18:34 of 3rd period - Slapshot by Martin Necas.
18:34 of 3rd period - Stopped by Connor Hellebuyck without a rebound.
18:35 of 3rd period - Claude Giroux wins face-off versus Elias Lindholm in St.Louis Blues zone.
18:36 of 3rd period - Slapshot by Vincent Trocheck.
18:36 of 3rd period - Stopped by Connor Hellebuyck without a rebound.
18:37 of 3rd period - Claude Giroux wins face-off versus Elias Lindholm in St.Louis Blues zone.
18:42 of 3rd period - Snap shot by Claude Giroux.
18:42 of 3rd period - Stopped by Connor Hellebuyck with a rebound.
18:52 of 3rd period - Snap shot by Jake Guentzel.
18:52 of 3rd period - Stopped by Jacob Markstrom with a rebound.
18:54 of 3rd period - Slapshot by Jake Sanderson.
18:54 of 3rd period - Shot Blocked by Adam Fox.
19:04 of 3rd period - Slapshot by Jake Sanderson.
19:04 of 3rd period - Deflect By Colin Blackwell.
19:04 of 3rd period - Shot Hit the Post.
19:04 of 3rd period - Puck is out of play.
19:05 of 3rd period - Dylan Larkin wins face-off versus Yanni Gourde in Montreal Canadiens zone.
19:16 of 3rd period - Snap shot by Martin Necas.
19:16 of 3rd period - Deflect By Mikhail Sergachev.
19:16 of 3rd period - Stopped by Connor Hellebuyck without a rebound.
19:17 of 3rd period - Claude Giroux wins face-off versus Robert Thomas in St.Louis Blues zone.
19:26 of 3rd period - Snap shot by Vincent Trocheck.
19:26 of 3rd period - Stopped by Connor Hellebuyck with a rebound.
19:57 of 3rd period - Patrik Laine is hit by Mikhail Sergachev and loses puck.
Goals for this period are 1 for Montreal Canadiens vs 1 for St.Louis Blues.
Shots for this period are 12 for Montreal Canadiens vs 13 for St.Louis Blues.
Back to the Top